Map: Ancient Cistern LE

Players

A.I. 2 (Very Easy) - Winner!

  • Race: Protoss Protoss
  • Spawn Location: 1:00

Koda

  • Race: Terran Terran
  • League: Grandmaster
  • Spawn Location: 7:00

VOD

Have the link to the VOD?

Description

Time

  • Played on: Aug. 2, 2023, 8:33 p.m.
  • Length: 6:36
Show
View Real Time Build Order
Export as new Build Order

A.I. 2 (Very Easy) Protoss - Winner!

Build Orders:  

Get SALT Encoding   

  12  0:00  Probe  
  13  0:13  Probe  
  14  0:20  Pylon  
  14  0:37  Assimilator  
  14  0:43  Gateway  
  14  0:46  Pylon  
  14  1:14  Assimilator  
  14  1:17  Probe  
  14  1:25  Probe  
  16  1:33  Cybernetics Core, Probe  
  17  1:43  Probe  
  18  1:55  Probe  
  18  1:59  Warp Gate  
  19  2:03  Probe  
  20  2:10  Stalker  
  22  5:24  Zealot  
  22  5:26  Pylon, Probe  
  25  5:29  Robotics Facility  
  25  5:34  Probe  
  25  5:42  Probe  
  25  5:52  Probe  
  26  6:02  Pylon  
  26  6:04  Probe  
  26  6:05  Zealot  
  22  6:14  Pylon  
  22  6:16  Probe  
Show
View Real Time Build Order
Export as new Build Order

Koda Terran 

Build Orders:  

Get SALT Encoding   

  12  0:00  SCV  
  13  0:12  SCV  
  14  0:17  Supply Depot  
  14  0:24  SCV  
  15  0:38  SCV  
  15  0:39  Barracks  
  16  0:50  SCV  
  17  1:02  SCV  
  18  1:18  Refinery  
  18  1:19  SCV  
  19  1:26  Marine  
  19  1:31  Orbital Command  
  20  1:37  Command Center  
  20  1:45  Marine  
  21  1:51  Supply Depot  
  21  1:57  SCV  
  22  2:02  Marine  
  23  2:10  Bunker  
  23  2:13  SCV  
  24  2:15  Barracks  
  24  2:21  Barracks Reactor  
  24  2:25  SCV  
  25  2:30  Barracks  
  25  2:37  SCV  
  26  2:46  Engineering Bay  
  26  2:48  Orbital Command  
  26  2:54  SCV  
  26  2:57  Marine x2  
  29  3:04  Barracks Tech Lab  
  29  3:06  SCV  
  30  3:15  SCV  
  30  3:16  Marine x2  
  30  3:18  SCV, Barracks Tech Lab  
  34  3:21  Terran Infantry Weapons Level 1  
  34  3:23  Marine  
  35  3:27  SCV  
  35  3:30  SCV  
  35  3:33  Marine x2  
  39  3:37  Supply Depot  
  39  3:39  SCV  
  39  3:40  Marine  
  39  3:41  Stimpack  
  41  3:47  SCV  
  41  3:48  Marine  
  43  3:51  Marine, SCV  
  43  3:53  Supply Depot, Marine  
  46  3:59  SCV  
  46  4:01  Marine  
  46  4:02  Supply Depot  
  48  4:04  SCV  
  48  4:09  Marine  
  50  4:10  Marine  
  50  4:11  SCV  
  50  4:16  SCV, Combat Shield  
  53  4:17  Marine  
  53  4:23  SCV  
  55  4:26  Command Center  
  55  4:28  SCV  
  55  4:29  Marine  
  57  4:32  Marauder  
  57  4:33  Marauder  
  61  4:45  SCV  
  62  4:46  Marine, SCV  
  62  4:48  Marine  
  65  4:53  Marauder  
  65  4:55  Marauder  
  65  4:57  SCV, Refinery x2  
  65  4:58  Supply Depot  
  70  5:01  Supply Depot  
  70  5:10  Supply Depot  
  70  5:15  Marine x2, SCV x2  
  70  5:20  Marauder x2  
  78  5:27  SCV x2  
  80  5:32  Supply Depot  
  80  5:34  Marine x2  
  82  5:39  SCV x2  
  82  5:40  Barracks  
  82  5:41  Factory  
  82  5:42  Barracks  
  84  5:44  Marauder x2  
  84  5:47  Orbital Command  
  88  5:51  SCV  
  88  5:53  Refinery  
  88  5:54  SCV  
  90  5:58  Marine  
  90  5:59  Marine  
  90  6:04  SCV  
  92  6:06  SCV  
  93  6:16  Marine, SCV  
  97  6:18  SCV  
Tags
 
Add a new tag
Caveats
  • Supply blocks, unpowered buildings, or Contaminate may cause inaccurate times.
  • Supply counts are checked every 10 seconds.